 Dungeon Crawl Stone Soup version 0.29-a0-304-gb34f9e1 (webtiles) character file.

Game seed: 5410095857161176108

3 Think the Shield-Bearer (level 1, 0/16 HPs)
             Began as an Octopode Fighter on Mar 26, 2022.
             Succumbed to a kobold's poison
             ... on level 1 of the Dungeon.
             The game lasted 00:00:19 (175 turns).

Think the Shield-Bearer (Octopode Fighter)           Turns: 175, Time: 00:00:20

Health: 0/16       AC:  1    Str: 15    XL:     1   Next: 50%
Magic:  1/1        EV: 13    Int: 10    God:
Gold:   3          SH:  4    Dex: 11    Spells: 0/0 levels left

rFire   . . .      SeeInvis .   a - +0 rapier
rCold   . . .      Faith    .   b - +0 buckler
rNeg    . . .      Spirit   .   (helmet restricted)
rPois   .          Reflect  .   (no amulet)
rElec   .          Harm     .   (no ring)
rCorr   .          Rampage  .   (no ring)
Will    .....                   (no ring)
Stlth   ++........              (no ring)
HPRegen 0.05/turn               (no ring)
MPRegen 0.07/turn               (no ring)
                                (no ring)
                                (no ring)

@: lethally poisoned (0 -> -3)
A: almost no armour, amphibious, 8 rings, camouflage 1, gelatinous body 1,
(nimble swimmer 1), tentacles
a: no special abilities


You were on level 1 of the Dungeon.
You visited 1 branch of the dungeon, and saw 1 of its levels.

You collected 3 gold pieces.

Inventory:

Hand Weapons
 a - a +0 rapier (weapon)
Armour
 b - a +0 buckler (worn)
Potions
 c - a potion of might


   Skills:
 - Level 3.0 Fighting
 + Level 2.3 Short Blades
 - Level 3.0 Dodging
 - Level 3.0 Shields


You couldn't memorise any spells.
You didn't know any spells.
Your spell library was empty.

Dungeon Overview and Level Annotations

Branches:
Dungeon (1/15)

Altars:


Innate Abilities, Weirdness & Mutations

You cannot wear most types of armour.
You are amphibious.
You can wear up to eight rings at the same time.
Your skin changes colour to match your surroundings (Stealth+).
Your rubbery body absorbs attacks. (AC +1, EV +1)
((You are camouflaged when in or above water. (Stealth+)))
You have tentacles for arms and can constrict up to eight enemies at once.


Message History

The endoplasm closely misses you.
You hit the endoplasm.
The endoplasm is severely wounded.
The endoplasm hits you.
You hit the endoplasm.
You kill the endoplasm!
HP restored.
A bat comes into view.
A bat is nearby!
The bat barely misses you. You block the bat's attack. The bat hits you.
The bat closely misses you.
You closely miss the bat. Your grab misses the bat. You block the bat's attack.
The bat hits you. The bat hits you but does no damage.
You barely miss the bat. Your grab misses the bat. The bat hits you.
You barely miss the bat. Your grab misses the bat. Your squeeze misses the bat.
The bat barely misses you.
You hit the bat. You grab the bat.
The bat is severely wounded.
You constrict the bat.
You kill the bat!
No target in view!
Found a cloak.
A kobold comes into view. It is wielding a +1 dagger of venom.
Found a fizzy orange potion.
The kobold shouts!
No target in view!
The kobold hits you with a +1 dagger of venom.
You are lethally poisoned!
You closely miss the kobold. You grab the kobold. You squeeze the kobold.
You kill the kobold!
You feel very sick.
You aren't carrying any scrolls.
You feel sick.
* * * LOW HITPOINT WARNING * * *
You feel sick.
* * * LOW HITPOINT WARNING * * *
You feel sick.
* * * LOW HITPOINT WARNING * * *
You feel sick.
You die...

####[##.# .
#.##.# .. #....#
... ###..# ....
#..# .....
###..#......
###....)......
####.....#.......
#!..@.#..#.##....
#..###...##.# #.#
.... ...## .. #
## ....#.. .#
.##...##.# ..
..### .. .. .##


There were no monsters in sight!

Vanquished Creatures
  An endoplasm (D:1)
  A kobold (D:1)
  A bat (D:1)
3 creatures vanquished.

Notes
Turn   | Place    | Note
-------+----------+-------------------------------------------
     0 | D:1      | Think the Octopode Fighter began the quest for the Orb.
     0 | D:1      | Reached XP level 1. HP: 16/16 MP: 1/1
   175 | D:1      | Succumbed to a kobold's poison

Illustrated notes

Levels and vault maps discovered:
D:1:      giann_wishing_wells, layout_rooms, st_stairs_12

Action                   || total
-------------------------++-------
Melee: Rapier            ||     8
       Constrict         ||     2
       Tentacles         ||     1
Armor: Skin              ||     1
Dodge: Dodged            ||     5
Block: Buckler           ||     2

Table legend: (Time is in decaauts)
 A = Elapsed time spent in this place.
 B = Non-inter-level travel time spent in this place.
 C = Inter-level travel time spent in this place.
 D = Time resting spent in this place.
 E = Time spent auto-exploring this place.
 F = Levels seen in this place.
 G = Mean time per level.
                   A        B        C        D        E       F      G
               +--------+--------+--------+--------+--------+-----+--------+
         Total |    176 |    176 |      0 |      0 |    146 |   1 |  176.0 |
       Dungeon |    176 |    176 |      0 |      0 |    146 |   1 |  176.0 |
               +--------+--------+--------+--------+--------+-----+--------+

Top non-repeatable levels by time:
     D:1: 176 daAuts
